 Dungeon Crawl Stone Soup version 0.18-b1-16-g289874d (webtiles) character file.

34 Freud the Slasher (level 3, 27/27 HPs)
             Began as a Formicid Skald on May 1, 2016.
             Quit the game on level 1 of the Dungeon.
             The game lasted 00:32:52 (939 turns).

Freud the Slasher (Formicid Skald)                   Turns: 939, Time: 00:32:53

Health: 27/27      AC:  3    Str: 17    XL:     3   Next: 50%
Magic:  6/6        EV: 11    Int: 11    God:
Gold:   9          SH:  0    Dex: 10    Spells: 3 memorised, 1 level left

rFire  . . .     SeeInvis +     a - +1 falchion
rCold  . . .     Gourm    .     b - +0 leather armour
rNeg   . . .     Faith    .     (no shield)
rPois  .         Spirit   .     (helmet unavailable)
rElec  .         Dismiss  .     (no cloak)
rCorr  .         Reflect  .     (no gloves)
SustAt .         Harm     .     (no boots)
MR     .....                    (no amulet)
Stlth  +.........               (no ring)
                                (no ring)

@: not resistant to hostile enchantments, very unstealthy
A: permanent stasis, dig shafts and tunnels, four strong arms, antennae 3
a: Dig, Shaft Self


You were on level 1 of the Dungeon.
You were not hungry.

You visited 1 branch of the dungeon, and saw 1 of its levels.

You collected 9 gold pieces.

Inventory:

Hand Weapons
 a - a +1 falchion (weapon)
Missiles
 e - 22 stones (quivered)
Armour
 b - a +0 leather armour (worn)
Scrolls
 f - 3 scrolls of enchant weapon
Books
 c - a book of Battle

   Spells                             Type                      Level
   a - Infusion                       Charms                       1
   b - Shroud of Golubria             Charms/Translocation         2
   c - Song of Slaying                Charms                       2
   d - Spectral Weapon                Hexes/Charms                 3
   e - Regeneration                   Charms/Necromancy            3
Comestibles
 d - a bread ration


   Skills:
 - Level 2.1 Fighting
 + Level 3.6 Long Blades
 - Level 1.1 Armour
 - Level 0.8 Dodging
 - Level 2.1 Spellcasting
 - Level 3.0 Charms


You had one spell level left.
You knew the following spells:

 Your Spells              Type           Power        Failure   Level  Hunger
a - Infusion              Chrm           #...         12%         1    ##.....
b - Shroud of Golubria    Chrm/Tloc      #.........   28%         2    ###....
c - Song of Slaying       Chrm           #.......     17%         2    ###....


Dungeon Overview and Level Annotations

Branches:
Dungeon (1/15)

Altars:


Innate Abilities, Weirdness & Mutations

You are under a permanent stasis effect.
You can dig through walls and to a lower floor.
Your four strong arms can wield two-handed weapons with a shield.
You have a pair of large antennae on your head (SInv).


Message History

You sense a monster nearby.
A kobold comes into view.
The kobold shouts!
The kobold throws a stone.
The stone hits you.
The kobold throws a stone.
The stone hits you but does no damage.
You see here a stone.
The kobold hits you but does no damage.
You slash the kobold!
You kill the kobold!
e - 21 stones (gained 2)
e - 22 stones (gained 1)
Found a stone staircase leading down.
You open the door.
There is an open door here.
Done exploring.
Done exploring.
Done exploring.
Are you sure you want to abandon this character and quit the game? (Confirm with "yes".)
Okay, then.
Are you sure you want to abandon this character and quit the game? (Confirm with "yes".)

......### #.# #...>..#######
........# #.# #............#
#.##.##.# #.# ######'#########.#
........# #.# #................#
.###..#####.# #.####.########..#
..........#.# #.# #.# #..#
..#######.#.# #.# #.# #..#
..##### #.#.# #.####.# #..#
......# #.#.# #.@....# #..#
......# #.#)# ######## #..#
......# #.#.# ##.# ..#####
#†#.##################.# ..#
#.#...........†.....§..#
.########.######################
........#.........†......#
#######.########.........#
......#.# #.........#


There were no monsters in sight!

Vanquished Creatures
  2 dart slugs (D:1)
  4 bats (D:1)
  A giant cockroach (D:1)
  2 goblins (D:1)
  2 hobgoblins (D:1)
  5 jackals (D:1)
  4 kobolds (D:1)
  4 giant newts (D:1)
  3 rats (D:1)
27 creatures vanquished.

Notes
Turn   | Place    | Note
--------------------------------------------------------------
     0 | D:1      | Freud the Formicid Skald began the quest for the Orb.
     0 | D:1      | Reached XP level 1. HP: 16/16 MP: 3/3
   136 | D:1      | Reached XP level 2. HP: 12/22 MP: 1/5
   174 | D:1      | Learned a level 2 spell: Shroud of Golubria
   177 | D:1      | Learned a level 2 spell: Song of Slaying
   407 | D:1      | Reached XP level 3. HP: 22/27 MP: 6/6
   939 | D:1      | Quit the game

Skill      XL: |  1  2 |
---------------+-------+-----
Long Blades    | 3 |  3.6
Fighting       | |  2.1
Armour         | |  1.1
Dodging        | |  0.8
Spellcasting   | |  2.1
Charms         | |  3.0

Action                   || total
-------------------------++-------
Melee: Falchion          ||    75
 Cast: Infusion          ||     2
       Shroud of Golubri ||     1
  Use: Scroll            ||     3
       Potion            ||     1
Armor: Leather armour    ||    32
Dodge: Dodged            ||    42
